 Dungeon Crawl Stone Soup version 0.31-a0-977-gc230f8ef24 (webtiles) character file.

Game seed: 4667131990172394287

18 timneilson the Ruffian (level 2, -3/18 HPs)
             Began as an Octopode Shapeshifter on Oct 29, 2023.
             Slain by a gnoll
             ... wielding a +1 flail of protection
              (12 damage)
             ... on level 2 of the Dungeon.
             The game lasted 00:01:24 (873 turns).

timneilson the Ruffian (Octopode Shapeshifter)       Turns: 873, Time: 00:01:25

Health: -3/18      AC:  1    Str: 13    XL:     2   Next: 70%
Magic:  2/2        EV: 13    Int: 12    God:
Gold:   94         SH:  0    Dex: 17    Spells: 1/1 levels left

rFire   . .          .
                       - Unarmed
rCold   . . .        (no shield)
rNeg    . . .        (helmet currently unavailable)
rPois   .            (no amulet)
rElec   .            d - +6 ring of dexterity
rCorr   .            (no ring)
SInv    .            (no ring)
Will    .....        (no ring)
Stlth   +++          (no ring)
HPRegen 0.23/turn    (no ring)
MPRegen 0.08/turn    (no ring)
                     (no ring)

%: no passive effects
@: beast-form
A: beast (slay +1), almost no armour, amphibious, 8 rings, camouflage 1,
gelatinous body 1, (nimble swimmer 1), tentacles
a: Begin Untransformation


You were on level 2 of the Dungeon.
You were a hulking beast.
You visited 1 branch of the dungeon, and saw 2 of its levels.

You collected 94 gold pieces.

Inventory:

Jewellery
 d - a +6 ring of dexterity (left tentacle)
Talismans
 b - a beast talisman
 c - a flux talisman
Scrolls
 f - a scroll of identify
 g - 2 scrolls of fear {unknown}
 h - a scroll of noise {unknown}
Potions
 a - a potion of lignification
 e - a potion of curing


   Skills:
 * Level 1.4 Fighting
 * Level 2.3 Dodging
 + Level 0.8 Stealth
 * Level 3.1 Unarmed Combat
 + Level 0.3 Spellcasting
 * Level 3.1 Shapeshifting


You had one spell level left.
You didn't know any spells.
Your spell library was empty.

Dungeon Overview and Level Annotations

Branches:
Dungeon (2/15)

Altars:
Ashenzari


Innate Abilities, Weirdness & Mutations

You are a hulking beast.
Your limbs bulge with bestial killing power. (Slay +1)
You cannot wear most types of armour.
You are amphibious.
You can wear up to eight rings at the same time.
Your skin changes colour to match your surroundings (Stealth+).
Your rubbery body absorbs attacks. (AC +1, EV +1)
((You are camouflaged when in or above water. (Stealth+)))
You have tentacles for arms and can constrict up to eight enemies at once.


Message History

Found a stone staircase leading up.
There is a stone staircase leading up here.
A jackal comes into view.
Found a robe.
The jackal bites you. The jackal barely misses you.
You barely miss the jackal. Your grab misses the jackal.
You squeeze the jackal.
You kill the jackal!
A jackal comes into view.
You see here a jackal corpse.
The helpless jackal fails to defend itself.
You bludgeon the jackal!
You kill the jackal!
Found a broken altar of Ashenzari.
A gnoll comes into view.
It is wielding a +1 flail of protection.
The gnoll shouts!
A gnoll comes into view. It is wielding a +0 spear.
A gnoll comes into view. It is wielding a +0 flail.
The gnoll moves out of view.
The gnoll shouts!
You tentacle-slap the gnoll but do no damage.
You grab the gnoll.
You constrict the gnoll, but do no damage.
You hear a shout!
The gnoll throws a throwing net.
The throwing net hits you.
You become entangled in the net!
The gnoll hits you with a +1 flail of protection.
You struggle against the net.
You constrict the gnoll. The gnoll barely misses you.
You struggle against the net.
You constrict the gnoll, but do no damage.
The gnoll barely misses you.
You struggle against the net.
You constrict the gnoll, but do no damage.
The gnoll hits you with a +1 flail of protection.
You shred the net and break free! You constrict the gnoll.
The gnoll completely misses you.
The gnoll hits you with a +1 flail of protection!
Ouch! That really hurt!
You die...

#. #.. ### #
.... ... .#
#...###.###..
#.........g
#......gg# #
......_h.##.#
##..........#
#.......#######
#....##.......#
#.### #.#####.#
#. #.#
#...###.####
#........# #
#...#.##.##.#


You could see 3 gnolls.

Vanquished Creatures
  An endoplasm (D:1)
  A giant cockroach (D:1)
  A hobgoblin (D:2)
  2 jackals (D:2)
  2 kobolds (D:1)
  A quokka (D:1)
  A ball python (D:1)
  3 bats (D:1)
  5 frilled lizards
  2 rats
19 creatures vanquished.

Notes
Turn   | Place    | Note
-------+----------+-------------------------------------------
     0 | D:1      | timneilson the Octopode Shapeshifter began the quest for
                  | the Orb.
     0 | D:1      | Reached XP level 1. HP: 13/13 MP: 1/1
   274 | D:1      | Reached XP level 2. HP: 18/18 MP: 2/2
   862 | D:2      | Found a broken altar of Ashenzari.
   873 | D:2      | Slain by a gnoll

Illustrated notes

Levels and vault maps discovered:
D:1:      co_arrival_random_square_maze, layout_basic
D:2:      layout_loops_corners, basic_altar, minmay_unequal

Action                     || total
---------------------------++-------
  Melee: Unarmed           ||    33
         Constrict         ||     7
         Tentacles         ||     4
    Use: Scroll            ||     3
   Stab: Sleeping          ||     2
 Armour: Skin              ||    15
  Dodge: Dodged            ||    26

Table legend: (Time is in decaauts)
 A = Elapsed time spent in this place.
 B = Non-inter-level travel time spent in this place.
 C = Inter-level travel time spent in this place.
 D = Time resting spent in this place.
 E = Time spent auto-exploring this place.
 F = Levels seen in this place.
 G = Mean time per level.
                   A        B        C        D        E       F      G
               +--------+--------+--------+--------+--------+-----+--------+
         Total |    869 |    847 |     22 |     20 |    669 |   2 |  434.5 |
       Dungeon |    869 |    847 |     22 |     20 |    669 |   2 |  434.5 |
               +--------+--------+--------+--------+--------+-----+--------+

Top non-repeatable levels by time:
     D:1: 721 daAuts
     D:2: 147 daAuts
